 Dungeon Crawl Stone Soup version 0.22-a0-782-g038298e (webtiles) character file.

229 Hebeh the Conjurer (level 5, -6/28 HPs)
             Began as a Deep Elf Conjurer on July 20, 2018.
             Mangled by Sigmund
             ... wielding a +2 scythe of venom
              (8 damage)
             ... on level 3 of the Dungeon.
             The game lasted 00:15:53 (3409 turns).

Hebeh the Conjurer (Deep Elf Conjurer)              Turns: 3409, Time: 00:15:54

Health: -6/28      AC:  6    Str:  5    XL:     5   Next: 71%
Magic:  1/15       EV: 13    Int: 21    God:
Gold:   172        SH:  0    Dex: 15    Spells: 4/15 levels left

rFire    . . .     SeeInvis .   i - +0 dagger
rCold    . . .     Gourm    .   (no shield)
rNeg     . . .     Faith    .   a - +0 robe
rPois    .         Spirit   .   (no helmet)
rElec    .         Reflect  .   (no cloak)
rCorr    .         Harm     .   p - +0 pair of gloves
MR       .....                  (no boots)
Stlth    ++........             (no amulet)
HPRegen  0.09/turn              r - +3 ring of protection
MPRegen  0.14/turn              (no ring)

@: lethally poisoned (-6 -> -26), very slightly contaminated
A: no striking features
a: no special abilities


You were on level 3 of the Dungeon.
You were not hungry.

You visited 1 branch of the dungeon, and saw 3 of its levels.
You also visited: Sewer.

You collected 172 gold pieces.

Inventory:

Hand Weapons
 i - a +0 dagger (weapon)
 u - a +1 mace of holy wrath
 v - a +0 hunting sling
 x - a +2 war axe of electrocution
 C - a cursed -3 blowgun
Missiles
 h - 16 sling bullets
 l - 93 stones (quivered)
 q - 50 bolts
 w - 44 arrows
 D - 18 poisoned needles
Armour
 a - a +0 robe (worn)
 p - a +0 pair of gloves (worn)
Jewellery
 r - a +3 ring of protection (left hand)
 s - an uncursed amulet of regeneration {unknown}
Wands
 t - a wand of acid (11)
Scrolls
 e - 2 scrolls of remove curse {unknown}
 f - 2 scrolls of blinking {unknown}
 j - 4 scrolls of identify {unknown}
 n - 2 scrolls of teleportation {unknown}
 o - 3 scrolls of magic mapping {unknown}
 y - a scroll of fear {unknown}
Potions
 b - 3 potions of curing {unknown}
 d - 2 potions of lignification {unknown}
 g - a potion of mutation {unknown}
 k - 3 potions of haste {unknown}
 m - a potion of berserk rage {unknown}
 A - a potion of magic {unknown}
 B - 2 potions of heal wounds {unknown}
 E - a potion of flight {unknown}
Comestibles
 c - 9 rations


   Skills:
 - Level 2.4 Dodging
 - Level 2.4 Stealth
 * Level 5.6 Spellcasting
 * Level 6.6 Conjurations


You had 4 spell levels left.
You knew the following spells:

 Your Spells              Type           Power        Failure   Level  Hunger
a - Magic Dart            Conj           ####         1%          1    None
b - Iskenderun's Mystic   Conj           ####....     7%          4    ####...
c - Searing Ray           Conj           ####..       1%          2    None
d - Force Lance           Conj/Tloc      ###.....     26%         4    ####...

Your spell library contained the following spells:

 Spells                   Type           Power        Failure   Level  Hunger
 Fulminant Prism          Conj/Hex       ###.......   26%         4    ####...
 Dazzling Spray           Conj/Hex       ###...       8%          3    ##.....


Dungeon Overview and Level Annotations

Branches:
Dungeon (3/15)

Altars:
Qazlal

Annotations:
D:3 Sigmund


Message History

Aim: Sigmund, wielding a scythe of venom and wearing a glowing robe (severely wounded)
You miscast Iskenderun's Mystic Blast.
You are very lightly contaminated with residual magic.
Your skin tingles.
* * * LOW HITPOINT WARNING * * *
You feel sick.
Casting: Iskenderun's Mystic Blast (safe; 7% risk of failure)
Confirm with . or Enter, or press ? or * to list all spells.
You don't have enough magic to cast that spell.
Casting: Iskenderun's Mystic Blast (safe; 7% risk of failure)
Confirm with . or Enter, or press ? or * to list all spells.
Aiming: Magic Dart (safe; 1% risk of failure)
Press: ? - help, Shift-Dir - straight line, f/p - Sigmund
Aim: Sigmund, wielding a scythe of venom and wearing a glowing robe (severely wounded)
The magic dart hits Sigmund.
Sigmund is almost dead.
* * * LOW HITPOINT WARNING * * *
You feel sick.
Sigmund hits you from afar with a scythe of venom!
You die...

### #.## ###..### ## #
.......# ### .. .. .....#.##
### #.# . ..# #.......###.#
#.# #.#.#..
.....#...##.####.###......
.....#...##.....@.@....#
..#..##..............#.#
#....###...#.###..##.# #...
#..#..............##.####...
........................#..8
...##.#######.###>.........#
# ........## #.#
#..#.##.##.######
.........##
#####.......##.#.....
..........#
#.......####.#.....


You could see Sigmund.

Vanquished Creatures
  A big kobold (Sewer)
  A centaur skeleton (D:3)
  6 adders
  A river rat (Sewer)
  4 leopard geckos
  2 orcs (D:3)
  3 giant cockroaches
  8 goblins
  5 hobgoblins
  2 quokkas
  6 ball pythons (Sewer)
  8 bats
  6 frilled lizards
  12 kobolds
  8 rats
73 creatures vanquished.

Notes
Turn   | Place    | Note
-------+----------+-------------------------------------------
     0 | D:1      | Hebeh the Deep Elf Conjurer began the quest for the Orb.
     0 | D:1      | Reached XP level 1. HP: 10/10 MP: 6/6
   291 | D:1      | Reached XP level 2. HP: 15/15 MP: 5/8
   934 | D:2      | Found a stormy altar of Qazlal.
  1036 | D:2      | Reached skill level 5 in Conjurations
  1048 | D:2      | Reached XP level 3. HP: 19/19 MP: 7/10
  1052 | D:2      | Learned a level 2 spell: Searing Ray
  1173 | D:2      | Noticed Sigmund
  2114 | D:3      | Reached XP level 4. HP: 24/24 MP: 10/12
  2198 | D:2      | Learned a level 4 spell: Iskenderun's Mystic Blast
  2203 | D:2      | Learned a level 4 spell: Force Lance
  2328 | D:3      | Reached skill level 6 in Conjurations
  2544 | D:3      | Found a glowing drain.
  2546 | D:3      | Found a faded altar of an unknown god.
  2611 | Sewer    | Entered a sewer
  2616 | Sewer    | Reached XP level 5. HP: 28/28 MP: 8/14
  2720 | Sewer    | Reached skill level 5 in Spellcasting
  3409 | D:3      | Mangled by Sigmund

Vault maps used:
D:1:      dpeg_arrival_boxorama, minmay_misc_feat_pillars
D:2:      grunt_qazlal_sundering, minmay_pentomino_z4, uniq_sigmund
D:3:      kennysheep_the_goblin_king, chequers_ecumenical_altar_simple,
          portal_sewer_entry_f
Sewer:    sewer_co_15_rooms

Skill      XL: |  1  2  3  4  5 |
---------------+----------------+-----
Conjurations   | 5 6 |  6.6
Spellcasting   | 4 5 |  5.6
Dodging        | |  2.4
Stealth        | |  2.4

Action                   |  1- 3 |  4- 6 || total
-------------------------+-------+-------++-------
 Cast: Magic Dart        |    70 |    80 ||   150
       Iskenderun's Myst |       |     2 ||     2
  Eat: Chunk             |     3 |     5 ||     8
Armor: Robe              |     3 |     4 ||     7
Dodge: Dodged            |     5 |    17 ||    22

Table legend:
 A = Spawn XP
 B = Non-spawn XP
 C = Spawn XP percentage of total XP
 D = Spawn monster count
 E = Non-spawn monster count
 F = Spawn count percentage of total count
 G = Total turns spent on level
                    A         B        C        D         E        F      G
               +---------+---------+-------+---------+---------+-------+---------
         Total |       0 |     328 |   0.0 |       0 |      73 |   0.0 |  3409
               +---------+---------+-------+---------+---------+-------+---------
           D:1 |       0 |      23 |   0.0 |       0 |      16 |   0.0 |   922
           D:2 |       0 |      72 |   0.0 |       0 |      22 |   0.0 |  1304
           D:3 |       0 |      97 |   0.0 |       0 |      17 |   0.0 |   579
         Sewer |       0 |     136 |   0.0 |       0 |      18 |   0.0 |   604
               +---------+---------+-------+---------+---------+-------+---------
